 Dungeon Crawl Stone Soup version 0.29.0-4-gdea44cf6ec (webtiles) character file.

Game seed: 8248835247387839208

66 qw the Chopper (level 3, -7/31 HPs)
             Began as a Minotaur Fighter on Sept 8, 2022.
             Mangled by a gnoll sergeant
             ... wielding a +0 trident
              (10 damage)
             ... on level 2 of the Dungeon.
             The game lasted 00:00:25 (1437 turns).

qw the Chopper (Minotaur Fighter)                   Turns: 1437, Time: 00:00:26

Health: -7/31      AC:  8    Str: 22    XL:     3   Next: 96%
Magic:  2/2        EV:  9    Int:  5    God:
Gold:   73         SH:  4    Dex:  9    Spells: 2/2 levels left

rFire   . . .      SeeInvis .   Y - +1 war axe
rCold   . . .      Faith    .   c - +0 buckler
rNeg    . . .      Spirit   .   b - +0 scale mail
rPois   .          Reflect  .   (helmet restricted)
rElec   .          Harm     .   i - +0 cloak
rCorr   .          Rampage  .   (no gloves)
Will    .....                   (no boots)
Stlth   ..........              (no amulet)
HPRegen 0.10/turn               (no ring)
MPRegen 0.08/turn               (no ring)

@: no status effects
A: horns 2, retaliatory headbutt
a: no special abilities


You were on level 2 of the Dungeon.
You visited 1 branch of the dungeon, and saw 2 of its levels.

You collected 91 gold pieces.
You spent 18 gold pieces at shops.


Innate Abilities, Weirdness & Mutations

You have a pair of horns on your head.
You reflexively headbutt those who attack you in melee.


   Skills:
 - Level 3.6 Fighting
 + Level 5.0 Axes
 - Level 3.6 Armour
 - Level 1.0 Dodging
 - Level 3.6 Shields


You had 2 spell levels left.
You didn't know any spells.
Your spell library was empty.

Inventory:

Hand Weapons
 l - a +0 club
 Y - a +1 war axe (weapon)
Armour
 b - a +0 scale mail (worn)
 c - a +0 buckler (worn)
 i - a +0 cloak (worn)
Scrolls
 a - a scroll of silence {unknown}
Potions
 d - 2 potions of might
 f - a potion of berserk rage {unknown}
 g - a potion of curing {unknown}
 k - a potion of heal wounds {unknown}

Dungeon Overview and Level Annotations

Branches:
Dungeon (2/15)

Altars:

Shops:
D:1 *


Message History

Your experience leads to an increase in your attributes!
Increase (S)trength, (I)ntelligence, or (D)exterity?
You feel stronger. x2
You block the gnoll's attack.
Things that are here:
a +0 spear; a gnoll corpse You slash the gnoll!
You kill the gnoll!
You barely miss the gnoll. The gnoll hits you with a +0 spear.
You block the gnoll's attack.
You closely miss the gnoll. The gnoll hits you with a +0 spear.
You barely miss the gnoll. You headbutt the gnoll!
The gnoll is severely wounded.
You block the gnoll's attack.
The gnoll sergeant hits you from afar with a +0 trident!
You hit the gnoll.
You kill the gnoll!
You hit the gnoll. The gnoll hits you with a +0 whip.
The gnoll sergeant hits you from afar with a +0 trident!
Your Axes skill increases to level 5!
You hit the gnoll but do no damage.
The gnoll is heavily wounded.
The gnoll sergeant hits you but does no damage.
The gnoll barely misses you. The gnoll sergeant barely misses you.
You closely miss the gnoll.
The gnoll is heavily wounded.
The gnoll barely misses you. The gnoll sergeant closely misses you.
You slash the gnoll!
You kill the gnoll!
The gnoll sergeant barely misses you.
Your Dodging skill increases to level 1!
Found the +3 woodcutter's axe {vorpal}.
You block the gnoll sergeant's attack.
You see here a +1 whip of draining.
You slash the gnoll sergeant!
The gnoll sergeant is moderately wounded.
The gnoll sergeant hits you with a +0 trident!
You die... #..........# #..........# #..........# 7777

##.........# ...7
##.......## #
#..777###...<.##
...#..))777##.....#
...#.7....77#.....#
)..'..g@)(........#
...#..7)))77#.....#
...#....777##.....#
# #..777###.....###
..)7
#.........#####


7777 #.#..#.##....... #. ##....##...... # ###..####.... #.......... You could
see a gnoll sergeant.

Vanquished Creatures
  4 gnolls (D:2)
  2 dart slugs (D:1)
  2 ball pythons (D:1)
  3 bats
  3 endoplasms (D:1)
  A hobgoblin (D:1)
  3 jackals (D:1)
  2 kobolds (D:1)
  A frilled lizard (D:1)
  3 rats
24 creatures vanquished.

Notes
Turn   | Place    | Note
-------+----------+-------------------------------------------
     0 | D:1      | qw the Minotaur Fighter began the quest for the Orb.
     0 | D:1      | Reached XP level 1. HP: 19/19 MP: 0/0
     0 | D:1      | 0 ||| qw: Version: 0.1-a-111-g1c1fd2e
     0 | D:1      | 0 ||| qw: Game counter: 6629
     0 | D:1      | 0 ||| qw: Always use a shield: true
     0 | D:1      | 0 ||| qw: God list: Ru
     0 | D:1      | 0 ||| qw: Allow faded altars: false
     0 | D:1      | 0 ||| qw: Do Orc after D:15 true
     0 | D:1      | 0 ||| qw: Do second Lair branch before Depths: true
     0 | D:1      | 0 ||| qw: Lair rune preference: random
     0 | D:1      | 0 ||| qw: Plans: Normal
     0 | D:1      | 0 ||| PLANNING D:1-11
    36 | D:1      | 36 ||| Stepping ~*~*~tactically~*~*~ (hiding).
   163 | D:1      | Reached skill level 3 in Axes
   203 | D:1      | Reached XP level 2. HP: 26/26 MP: 1/1
   248 | D:1      | Found Mituiwyong's Assorted Antiques.
   253 | D:1      | 253 ||| BUYING fizzy dark potion (18 gold).
   253 | D:1      | Bought a fizzy dark potion for 18 gold pieces
   253 | D:1      | 253 ||| SHOPLISTING glowing eveningstar (378 gold, have 6).
   253 | D:1      | 253 ||| SHOPLISTING murky coppery potion (18 gold, have 6).
   253 | D:1      | 253 ||| SHOPLISTING scroll labelled CUH WOIFORHIGY (21
                  | gold, have 6).
   253 | D:1      | 253 ||| SHOPLISTING scroll labelled PEFFOI YJYPI (21 gold,
                  | have 6).
   253 | D:1      | 253 ||| SHOPLISTING scroll labelled TUYCHETEXYTT (21 gold,
                  | have 6).
   576 | D:1      | Reached skill level 4 in Axes
   894 | D:1      | Found a faded altar of an unknown god.
  1323 | D:1      | 1323 ||| UPGRADING to +0 cloak.
  1328 | D:1      | 1328 ||| READING scroll labelled PEFFOI YJYPI.
  1331 | D:1      | 1331 ||| READING scroll labelled ATOSON GOAR.
  1332 | D:1      | 1332 ||| READING scroll labelled RIYPUPABB.
  1333 | D:1      | 1333 ||| READING scroll labelled POFISAO YDUDO.
  1425 | D:2      | Noticed a gnoll sergeant
  1428 | D:2      | Reached XP level 3. HP: 27/31 MP: 2/2
  1432 | D:2      | HP: 2/31 [gnoll sergeant/+0 trident (7)]
  1433 | D:2      | Reached skill level 5 in Axes
  1436 | D:2      | Reached skill level 1 in Dodging
  1436 | D:2      | Found the +3 woodcutter's axe {vorpal}
  1437 | D:2      | Mangled by a gnoll sergeant

Levels and vault maps discovered:
D:1:      amcnicky_arrival_underground_garden, layout_loops_corners,
          dilly_ecumenical_altar_fadedgnrine, serial_shops,
          nicolae_shop_hallway_stairs, hangedman_decor_clover_reticule,
          hangedman_abyss_or_decor_lesser_grid, minivault_5, lemuel_flame_loot_1
D:2:      layout_rooms, pf_guarded_unrand_woodcutter

Skill      XL: |  1  2  3 |
---------------+----------+-----
Axes           | 3 4 5 |  5.0
Dodging        | 1 |  1.0
Fighting       | |  3.6
Armour         | |  3.6
Shields        | |  3.6

Action                   || total
-------------------------++-------
Melee: War axe           ||    44
       Headbutt          ||     6
  Use: Scroll            ||     4
Armor: Scale mail        ||    22
Dodge: Dodged            ||    17
Block: Buckler           ||    10

Table legend:
 A = Non-vault XP
 B = Vault XP
 C = Vault XP percentage of total XP
 D = Non-vault monster count
 E = Vault monster count
 F = Vault count percentage of total count
                 A         B        C        D         E       F
            +---------+---------+-------+---------+---------+-------
      Total |      37 |      58 |  61.1 |      20 |       4 |  16.7
            +---------+---------+-------+---------+---------+-------
        D:1 |      35 |       0 |   0.0 |      18 |       0 |   0.0
        D:2 |       2 |      58 |  96.7 |       2 |       4 |  66.7
            +---------+---------+-------+---------+---------+-------
